 Dungeon Crawl Stone Soup version 0.30-a0-715-gdb4ae3ece1 (webtiles) character file.

Game seed: 8462010085048379372

40 sircluck the Trooper (level 3, -3/33 HPs)
             Began as a Hill Orc Fighter on Jan 24, 2023.
             Killed from afar by a white imp (7 damage)
             ... with a puff of frost
             ... summoned by Natasha
             ... on level 2 of the Dungeon.
             The game lasted 00:04:38 (1225 turns).

sircluck the Trooper (Hill Orc Fighter)             Turns: 1225, Time: 00:04:39

Health: -3/33      AC:  7    Str: 20    XL:     3   Next: 50%
Magic:  3/3        EV:  9    Int:  8    God:
Gold:   62         SH:  4    Dex: 10    Spells: 2/2 levels left

rFire   . . .      SeeInvis .    a - +0 war axe
rCold   . . .      Faith    .    c - +0 buckler
rNeg    . . .      Spirit   .    b - +0 scale mail
rPois   .          Reflect  .    (no helmet)
rElec   .          Harm     .    (no cloak)
rCorr   .          Rampage  .    (no gloves)
Will    .....                    (no boots) Stlth
                                 (no amulet)
HPRegen 0.25/turn                (no ring)
MPRegen 0.08/turn                (no ring)

@: no status effects
A: no striking features
a: no special abilities


You were on level 2 of the Dungeon.
You visited 1 branch of the dungeon, and saw 2 of its levels.

You collected 62 gold pieces.

Inventory:

Hand Weapons
 a - a +0 war axe (weapon)
Missiles
 e - 20 stones (quivered)
 h - 6 poisoned darts
Armour
 b - a +0 scale mail (worn)
 c - a +0 buckler (worn)
 f - a +0 pair of boots
 i - a +0 ring mail
Scrolls
 j - a scroll of vulnerability {unknown}
Potions
 d - a potion of might
 g - a potion of haste {unknown}


   Skills:
 + Level 3.9 Fighting
 + Level 3.4 Axes
 + Level 3.8 Armour
 + Level 0.1 Dodging
 + Level 3.7 Shields


You had 2 spell levels left.
You didn't know any spells.
Your spell library was empty.

Dungeon Overview and Level Annotations

Branches:
Dungeon (2/15)

Altars:

Annotations:
D:2 Natasha


Message History

Natasha, Servant of Life and Death comes into view.
Natasha hisses angrily.
You slash the jackal!
You kill the jackal!
The bat closely misses you. x2
You closely miss the bat. The bat hits you but does no damage.
The bat closely misses you.
Natasha casts a spell.
The jackal closely misses you. The bat misses you.
You closely miss the jackal. You barely miss the bat.
You block the bat's attack. The bat closely misses you. The jackal bites you.
Natasha casts a spell.
The jackal bites you but does no damage.
You closely miss the jackal. The bat hits you but does no damage.
The jackal misses you. The jackal bites you.
You slash the jackal!
You kill the jackal!
You barely miss the bat. The bat completely misses you.
The white imp gestures at you. The puff of frost hits you!
You hit the white imp.
The white imp is lightly wounded.
You closely miss Natasha. You slash the bat!
You kill the bat!
Natasha claws you but does no damage. Natasha claws you.
You slash the crimson imp!
The crimson imp is almost dead.
You hit Natasha.
The crimson imp blinks!
You block Natasha's attack. The white imp gestures at you.
The puff of frost hits you!
Natasha casts a spell.
The white imp hits you.
* * * LOW HITPOINT WARNING * * *
The white imp freezes you.
* * * LOW HITPOINT WARNING * * *
The crimson imp sputters.
Natasha closely misses you. The white imp gestures at you.
The puff of frost hits you!
You die...

.# .# #.# ...#.# .#
#.# ..#. .# #.# #..#
#### ##
####.#####..####....
#
#......##...........
#......##..>......#
#####..........h.5.#
#...........5..ยง@..#
..###......##..5...#
### #......#########
#......# ########


You could see Natasha, 2 crimson imps and a white imp (summoned).

Vanquished Creatures
  An adder (D:2)
  2 ball pythons (D:1)
  3 endoplasms (D:1)
  A giant cockroach (D:1)
  3 goblins (D:1)
  A hobgoblin (D:1)
  6 jackals
  2 kobolds (D:1)
  2 quokkas (D:1)
  2 bats
  A frilled lizard (D:1)
  2 rats (D:1)
26 creatures vanquished.

Notes
Turn   | Place    | Note
-------+----------+-------------------------------------------
     0 | D:1      | sircluck the Hill Orc Fighter began the quest for the Orb.
     0 | D:1      | Reached XP level 1. HP: 19/19 MP: 1/1
   313 | D:1      | Reached XP level 2. HP: 22/27 MP: 2/2
   669 | D:1      | Reached XP level 3. HP: 32/33 MP: 3/3
  1216 | D:2      | Noticed Natasha
  1225 | D:2      | Killed from afar by a white imp

Illustrated notes

Levels and vault maps discovered:
D:1:      minmay_arrival_stone_box, layout_loops_corners
D:2:      layout_rooms, ebering_ecumenical_altar_mist,
          minmay_misc_feat_secret_circle, minmay_snake_closets, uniq_natasha

Skill      XL: |  1  2 |
---------------+-------+-----
Axes           | 3 |  3.4
Fighting       | |  3.9
Armour         | |  3.8
Dodging        | |  0.1
Shields        | |  3.7

Action                     || total
---------------------------++-------
  Melee: War axe           ||    58
 Armour: Scale mail        ||    53
  Dodge: Dodged            ||    55
  Block: Buckler           ||    26

Table legend: (Time is in decaauts)
 A = Elapsed time spent in this place.
 B = Non-inter-level travel time spent in this place.
 C = Inter-level travel time spent in this place.
 D = Time resting spent in this place.
 E = Time spent auto-exploring this place.
 F = Levels seen in this place.
 G = Mean time per level.
                   A        B        C        D        E       F      G
               +--------+--------+--------+--------+--------+-----+--------+
         Total |   1248 |    820 |    428 |      0 |      0 |   2 |  624.0 |
       Dungeon |   1248 |    820 |    428 |      0 |      0 |   2 |  624.0 |
               +--------+--------+--------+--------+--------+-----+--------+

Top non-repeatable levels by time:
     D:1: 1137 daAuts
     D:2: 111 daAuts
